 Dungeon Crawl Stone Soup version 0.30-a0-322-g102857c98e (webtiles) character file.

Game seed: 2162697484539275055

52 ryw the Trooper (level 3, -2/30 HPs)
             Began as a Demonspawn Monk on Oct 28, 2022.
             Slain by Robin
             ... wielding a +3 whip of holy wrath
              (6 damage)
             ... on level 2 of the Dungeon.
             The game lasted 00:03:45 (1477 turns).

ryw the Trooper (Demonspawn Monk)                   Turns: 1477, Time: 00:03:46

Health: -2/30      AC:  4    Str: 11    XL:     3   Next: 60%
Magic:  4/4        EV: 13    Int: 13    God:
Gold:   792        SH:  0    Dex: 17    Spells: 2/3 levels left

rFire   . . .      SeeInvis +    n - +0 short sword
rCold   . . .      Faith    .    (no shield)
rNeg    . . .      Spirit   .    a - +0 robe
rPois   .          Reflect  .    f - +1 helmet
rElec   .          Harm     .    (no cloak)
rCorr   .          Rampage  .    (no gloves)
Will    .....                    (no boots)
Stlth   +++.......               (no amulet)
HPRegen 0.25/turn                k - ring of see invisible
MPRegen 0.09/turn                (no ring)

@: no status effects
A: thin skeletal structure 1
a: no special abilities


You were on level 2 of the Dungeon.
You visited 1 branch of the dungeon, and saw 2 of its levels.

You collected 792 gold pieces.

Inventory:

Hand Weapons
 n - a +0 short sword (weapon)
Missiles
 c - 5 boomerangs (quivered)
Armour
 a - a +0 robe (worn)
 f - a +1 helmet (worn)
Jewellery
 k - a ring of see invisible (left hand)
Scrolls
 e - a scroll of immolation {unknown}
 h - 2 scrolls of teleportation {unknown}
 j - a scroll of magic mapping {unknown}
 l - 2 scrolls of identify {unknown}
 m - a scroll of fear {unknown}
Potions
 d - 2 potions of degeneration {unknown}
 g - a potion of cancellation {unknown}
 i - a potion of curing {unknown}


   Skills:
 + Level 4.0 Fighting
 + Level 0.6 Short Blades
 - Level 2.6 Dodging
 + Level 2.3 Stealth
 - Level 2.6 Unarmed Combat
 + Level 0.7 Spellcasting


You had 2 spell levels left.
You knew the following spells:

 Your Spells              Type           Power      Damage    Failure   Level
a - Summon Small Mammal   Summ           0%         N/A       28%         1

Your spell library contained the following spells:

 Spells                   Type           Power      Damage    Failure   Level
 Call Canine Familiar     Summ           0%         N/A       65%         3
 Summon Guardian Golem    Hex/Summ       0%         N/A       65%         3


Dungeon Overview and Level Annotations

Branches:
Dungeon (2/15)

Altars:

Annotations:
D:2 Robin


Innate Abilities, Weirdness & Mutations

You have a somewhat thin skeletal structure. (Dex +2, Stealth+)


Message History

Robin is heavily wounded.
Robin barely misses you.
Unknown command.
You are confused.
You feel invigorated.
Robin hits you with a +3 whip of holy wrath.
You convulse.
You hit Robin but do no damage.
Robin is heavily wounded.
Robin hits you with a +3 whip of holy wrath.
You convulse.
Robin hits you with a +3 whip of holy wrath.
You convulse.
* * * LOW HITPOINT WARNING * * *
You hit Robin.
Robin is heavily wounded.
Robin hits you but does no damage.
You barely miss Robin.
Robin is heavily wounded.
Robin hits you with a +3 whip of holy wrath.
You convulse.
You feel less invigorated.
You feel less confused.
Robin hits you with a +3 whip of holy wrath.
You convulse.
You hit Robin.
Robin is severely wounded.
Robin hits you with a +3 whip of holy wrath.
You convulse.
* * * LOW HITPOINT WARNING * * *
You hit Robin.
Robin is almost dead.
Robin hits you with a +3 whip of holy wrath.
* * * LOW HITPOINT WARNING * * *
You convulse.
* * * LOW HITPOINT WARNING * * *
You hit Robin but do no damage.
Robin is almost dead.
Robin hits you with a +3 whip of holy wrath.
You die...

#### ...# ###...###########
#.......#.......###
###.@............)...
#..g......#.##.##.###
#######.###................
......P.PPPPPPPPPPP..##.###
######P.P...P.....P..##.#
#P.PPP.PPP.PPP.....#
#P.........P.P...###


#PPPPP.P)PPP.P....# ####P.....P...P.P<).## You could see Robin.

Vanquished Creatures
  3 dart slugs
  5 bats
  4 endoplasms
  14 goblins
  3 hobgoblins (D:1)
  3 jackals (D:2)
  3 kobolds
  A quokka (D:1)
  2 ball pythons (D:1)
  3 rats
41 creatures vanquished.

Vanquished Creatures (others)
  A bush (D:2)
  4 toadstools (D:1)
5 creatures vanquished.

Grand Total: 46 creatures vanquished

Notes
Turn   | Place    | Note
-------+----------+-------------------------------------------
     0 | D:1      | ryw the Demonspawn Monk began the quest for the Orb.
     0 | D:1      | Reached XP level 1. HP: 18/18 MP: 1/1
   180 | D:1      | Gained mutation: You have a somewhat thin skeletal
                  | structure. (Dex +2, Stealth+) [demonic ancestry]
   180 | D:1      | Reached XP level 2. HP: 8/24 MP: 2/2
   772 | D:1      | Identified a scroll of acquirement
   772 | D:1      | Acquired 608 gold pieces
  1003 | D:2      | Reached XP level 3. HP: 27/30 MP: 3/3
  1043 | D:2      | Learned a level 1 spell: Summon Small Mammal
  1079 | D:2      | Noticed Robin
  1116 | D:2      | Reached skill level 4 in Fighting
  1477 | D:2      | Slain by Robin

Illustrated notes

Levels and vault maps discovered:
D:1:      ldierk_water_garden, layout_basic, amethyst_killhole, hex_tiny,
          minmay_splitting_lines, minmay_pentomino_o2
D:2:      layout_loops_ring, chequers_serial_rivers_small_b, minmay_hedge_maze,
          uniq_robin

Skill      XL: |  1  2  3 |
---------------+----------+-----
Stealth        | 2 |  2.3
Fighting       | 4 |  4.0
Short Blades   | |  0.6
Dodging        | |  2.6
Unarmed Combat | |  2.6
Spellcasting   | |  0.7

Action                   || total
-------------------------++-------
Melee: Unarmed           ||    67
       Short sword       ||   106
       Dagger            ||     5
       Punch             ||     4
  Use: Scroll            ||     2
       Potion            ||     1
 Stab: Sleeping          ||     8
Armor: Robe              ||    46
Dodge: Dodged            ||   114

Table legend: (Time is in decaauts)
 A = Elapsed time spent in this place.
 B = Non-inter-level travel time spent in this place.
 C = Inter-level travel time spent in this place.
 D = Time resting spent in this place.
 E = Time spent auto-exploring this place.
 F = Levels seen in this place.
 G = Mean time per level.
                   A        B        C        D        E       F      G
               +--------+--------+--------+--------+--------+-----+--------+
         Total |   1474 |   1448 |     26 |     35 |    974 |   2 |  737.0 |
       Dungeon |   1474 |   1448 |     26 |     35 |    974 |   2 |  737.0 |
               +--------+--------+--------+--------+--------+-----+--------+

Top non-repeatable levels by time:
     D:1: 774 daAuts
     D:2: 700 daAuts
